 Dungeon Crawl Stone Soup version 0.28.0-53-g5a82cb258f (webtiles) character file.

Game seed: 7499002304965615922

65 LynnLen the Sneak (level 3, 0/24 HPs)
             Began as a Vampire Enchanter on Aug 2, 2022.
             Slain by Sigmund
             ... wielding a +0 scythe
              (13 damage)
             ... on level 2 of the Dungeon.
             The game lasted 00:05:43 (1411 turns).

LynnLen the Sneak (Vampire Enchanter)               Turns: 1411, Time: 00:05:44

Health: 0/24       AC:  3    Str:  7    XL:     3   Next: 94%
Magic:  3/6        EV: 17    Int: 17    God:
Gold:   62         SH:  0    Dex: 16    Spells: 0/6 levels left

rFire   . . .      SeeInvis +   f - +1 dagger (vamp)
rCold   . . .      Faith    .   (no shield)
rNeg    . . .      Spirit   .   b - +1 robe
rPois   .          Reflect  .   (no helmet)
rElec   .          Harm     .   (no cloak)
rCorr   .          Rampage  .   (no gloves)
Will    .....                   (no boots)
Stlth   +++.......              (no amulet)
HPRegen 0.28/turn               c - +4 ring of evasion
MPRegen 0.10/turn               (no ring)

@: healing quickly
A: alive, fangs 3, see invisible, vampiric 2
a: Exsanguinate


You were on level 2 of the Dungeon.
You visited 1 branch of the dungeon, and saw 2 of its levels.

You collected 62 gold pieces.

Inventory:

Hand Weapons
 f - a +1 vampiric dagger (weapon)
 h - a +0 hunting sling
Missiles
 a - 20 sling bullets
 i - 2 stones (quivered)
Armour
 b - a +1 robe (worn)
Jewellery
 c - a +4 ring of evasion (left hand)
Scrolls
 k - a scroll of teleportation
Potions
 d - a potion of curing {unknown}
 e - a potion of flight {unknown}
 g - 2 potions of cancellation
 j - a potion of heal wounds {unknown}


   Skills:
 * Level 2.3 Short Blades
 * Level 3.1 Dodging
 + Level 5.9 Stealth
 - Level 2.0 Spellcasting
 - Level 4.4 Hexes


You couldn't memorise any spells.
You knew the following spells:

 Your Spells              Type           Power      Damage    Failure   Level
a - Confusing Touch       Hex            16%        N/A       10%         3
b - Tukima's Dance        Hex            16%        N/A       10%         3

Your spell library contained the following spells:

 Spells                   Type           Power      Damage    Failure   Level
 Ensorcelled Hibernation  Hex/Ice        18%        N/A       12%         2
 Dazzling Flash           Conj/Hex       18%        N/A       24%         3


Dungeon Overview and Level Annotations

Branches:
Dungeon (2/15)

Altars:

Annotations:
D:2 Sigmund


Innate Abilities, Weirdness & Mutations

Your natural rate of healing is accelerated.
You have razor-sharp teeth.
You have supernaturally acute eyesight. (SInv)
You are afflicted with vampirism and can become a bat while bloodless.


Message History

The endoplasm moves out of view.
A hobgoblin is nearby!
The hobgoblin shouts!
You hit the endoplasm.
The endoplasm is heavily wounded.
The endoplasm freezes you.
You are frozen.
The hobgoblin barely misses you.
You hit the endoplasm.
You kill the endoplasm!
The hobgoblin barely misses you.
You hit the hobgoblin but do no damage. You bite the hobgoblin.
The hobgoblin is severely wounded.
You hit the hobgoblin but do no damage.
The hobgoblin is severely wounded.
The hobgoblin barely misses you.
You hit the hobgoblin.
You kill the hobgoblin!
You now have 62 gold pieces (gained 10).
k - a scroll of teleportation You open the door.
Sigmund and a bat come into view.
You start waiting.
Done waiting.
Okay, then.
Okay, then.
Okay, then.
Sigmund shouts!
Sigmund misses you.
There is an open door here.
Casting: Confusing Touch (quite dangerous; 10% risk of failure)
Confirm with . or Enter, or press ? or * to list all spells.
The spell is quite dangerous to miscast (10% risk of failure)!
Continue anyway?
Your hands begin to glow red.
Sigmund hits you with a +0 scythe!
Ouch! That really hurt!
You closely miss Sigmund. You hit Sigmund but do no damage.
Sigmund appears confused.
Sigmund laughs at nothing.
Sigmund hits you with a +0 scythe!
Ouch! That really hurt!
You die...

#....#........#
#....#........#
#.....#.........
#########.......
#......##....#.
....... #......
###...§# #......
#@#..## #.....#
#@'..≈# #......
#.#...# #....##
##.#.b..... #......
#..##...... ##.....
#...########.#.....
##.#..# ##...##.....
#..#..###..#.##.....
#.##......#..##.....
#.##............##..


You could see Sigmund (confused) and a bat.

Vanquished Creatures
  2 gnolls (D:1)
  2 adders (D:2)
  A worm (D:2)
  A dart slug (D:1)
  2 ball pythons (D:1)
  An endoplasm (D:2)
  2 goblins
  2 hobgoblins
  3 kobolds
  2 quokkas (D:2)
  A bat (D:1)
  4 frilled lizards
  5 rats (D:1)
28 creatures vanquished.

Notes
Turn   | Place    | Note
-------+----------+-------------------------------------------
     0 | D:1      | LynnLen the Vampire Enchanter began the quest for the Orb.
     0 | D:1      | Reached XP level 1. HP: 13/13 MP: 3/3
   242 | D:1      | Found a faded altar of an unknown god.
   277 | D:1      | Reached skill level 5 in Stealth
   277 | D:1      | Reached XP level 2. HP: 19/19 MP: 5/5
   450 | D:1      | Gained mutation: You are afflicted with vampirism and can
                  | become a bat while bloodless. [Vampire growth]
   450 | D:1      | Reached XP level 3. HP: 13/24 MP: 6/6
   494 | D:1      | You fall into a shaft and drop 1 floor!
   928 | D:2      | Learned a level 3 spell: Confusing Touch
   932 | D:2      | Learned a level 3 spell: Tukima's Dance
  1278 | D:2      | Noticed Sigmund
  1411 | D:2      | Slain by Sigmund

Illustrated notes

Levels and vault maps discovered:
D:1:      wander_arrival_desolate, layout_rooms,
          hellmonk_ecumenical_altar_inner_sanctum
D:2:      layout_rooms, roderic_serpentine_path, kennysheep_another_room,
          eino_curves_01, minmay_stone_trees_small, kennysheep_pointless_box,
          uniq_sigmund

Skill      XL: |  1  2  3 |
---------------+----------+-----
Stealth        | 5 |  5.9
Short Blades   | 2 |  2.3
Dodging        | 3 |  3.1
Spellcasting   | |  2.0
Hexes          | |  4.4

Action                   || total
-------------------------++-------
Melee: Dagger            ||   111
       Bite              ||    11
       Punch             ||     3
 Cast: Confusing Touch   ||     2
  Use: Potion            ||     1
       Scroll            ||     3
 Stab: Sleeping          ||     7
       Invisible         ||     2
       Confused          ||     1
Armor: Robe              ||     9
Dodge: Dodged            ||    58
